 Dungeon Crawl Stone Soup version 0.31-a0-222-gefeffbb62a (webtiles) character file.

Game seed: 2781040991634306117

344 Nietzsche the Trooper (level 6, -10/55 HPs)
             Began as a Hill Orc Fighter on July 5, 2023.
             Frozen to death by Midn8's ghost (11 damage)
             ... on level 4 of the Dungeon.
             The game lasted 00:09:37 (3698 turns).

Nietzsche the Trooper (Hill Orc Fighter)            Turns: 3698, Time: 00:09:40

Health: -10/55     AC: 17    Str: 19    XL:     6   Next: 58%
Magic:  8/8        EV:  9    Int: 10    God:
Gold:   149        SH:  0    Dex: 10    Spells: 8/8 levels left

rFire   . . .        a - +0 flail
rCold   . . .        (no shield)
rNeg    . . .        b - +0 scale mail
rPois   .            m - +2 helmet
rElec   .            l - +1 cloak
rCorr   .            o - +0 pair of gloves
SInv    .            s - +2 pair of boots {Fly}
Will    .....        (no amulet) Stlth
                     i - ring of flight
HPRegen 0.29/turn    (no ring)
MPRegen 0.11/turn

%: no passive effects
@: flying
A: no striking features
a: no special abilities


You were on level 4 of the Dungeon.
You visited 1 branch of the dungeon, and saw 4 of its levels.

You collected 345 gold pieces.
You spent 196 gold pieces at shops.

Inventory:

Hand Weapons
 a - a +0 flail (weapon)
 j - a +0 hammer
 k - a +2 quarterstaff of chaos
Armour
 b - a +0 scale mail (worn)
 c - a +0 buckler
 l - a +1 cloak (worn)
 m - a +2 helmet (worn)
 o - a +0 pair of gloves (worn)
 s - a +2 pair of boots of flying (worn)
Magical Staves
 g - a staff of poison
Jewellery
 i - a ring of flight (left hand)
Scrolls
 h - 2 scrolls of teleportation
 p - a scroll of identify
 t - a scroll of fog {unknown}
 u - a scroll of vulnerability {unknown}
Potions
 d - a potion of might
 e - a potion of mutation {unknown}
 f - 3 potions of curing
 n - a potion of brilliance {unknown}
 q - a potion of resistance {unknown}
 r - a potion of cancellation {unknown}


   Skills:
 + Level 4.9 Fighting
 + Level 4.2 Maces & Flails
 + Level 4.6 Armour
 + Level 0.9 Dodging
 + Level 0.1 Stealth
 - Level 3.2 Shields
 * Level 1.9 Spellcasting
 * Level 1.0 Evocations


You had 8 spell levels left.
You didn't know any spells.
Your spell library contained the following spells:

 Spells                   Type           Power      Damage    Failure   Level
 Necrotise                Necr           0%         1d4       65%         1
 Volatile Blastmotes      Fire/Tloc      0%         2d10      95%         3
 Fulminant Prism          Conj/Hex       0%         3d5       100%        4
 Iskenderun's Mystic Bla  Conj/Tloc      0%         2d3       100%        4
 Summon Lightning Spire   Summ/Air       0%         N/A       100%        4
 Lee's Rapid Deconstruct  Erth           0%         3d4*      100%        5
 Conjure Ball Lightning   Conj/Air       0%         3x3d6     100%        6
 Discord                  Hex            0%         N/A       100%        8
 Disjunction              Tloc           0%         N/A       100%        8


Dungeon Overview and Level Annotations

Branches:
Dungeon (4/15)
 Temple: D:4-7

Altars:
Ru

Shops:
D:3 :   D:4 :

Annotations:
D:4 Midn8's ghost, amateur VSWn


Message History

The water moccasin bites you.
You sock the water moccasin!
The water moccasin is moderately wounded.
The water moccasin bites you but does no damage.
The water moccasin bites you.
You are poisoned.
The water moccasin poisons you!
You barely miss the water moccasin.
The water moccasin is moderately wounded.
You feel very sick.
You hit Midn8's ghost.
Midn8's ghost is lightly damaged.
You feel sick.
Midn8's ghost hits you but does no damage.
You closely miss Midn8's ghost.
Midn8's ghost is lightly damaged.
You feel sick.
Midn8's ghost wails.
Midn8's ghost freezes you.
You are frozen!
You hit Midn8's ghost.
Midn8's ghost is moderately damaged.
You feel sick. Midn8's ghost freezes you.
You are frozen!
* * * LOW HITPOINT WARNING * * *
You barely miss Midn8's ghost.
Midn8's ghost is moderately damaged.
You feel sick. Midn8's ghost freezes you.
You are frozen!
* * * LOW HITPOINT WARNING * * *
You closely miss Midn8's ghost.
Midn8's ghost is moderately damaged.
* * * LOW HITPOINT WARNING * * *
You feel sick.
You are no longer poisoned.
Midn8's ghost freezes you.
You are frozen!
You die...

##.....#...#.##.#.....#.#<####.##
###...#...#.##.............^..##
###.#......###.....###..######
######.#.###..# ##.#..###.......#
#....#........# ##.#.....)#.###.#
..†...........# #.........#.#.#.#
..............# #.......###.#.#.#
..#########..o###.......# #...#..
..#.......#..JSW@.......# ###.#.#
..#..#.#..#..g####......# #....#
..#.[.#...'.o.# #......####.....
..#./.....'...#####.....#........
..#...#...'.......'.....#.##.#...
..#..#.#..#..######.....#)...####
..#.......#).############..###
..#########..##....# #...##
..............#.##.# #.#.#


You could see a water moccasin, Midn8's ghost, an orc, an endoplasm and a
hobgoblin.

Vanquished Creatures
  A howler monkey (D:4)
  Crazy Yiuf (D:2)
  An orc priest (D:4)
  A hound (D:4)
  2 iguanas (D:4)
  6 adders
  2 worms
  3 dart slugs (D:1)
  7 orcs
  6 endoplasms
  2 giant cockroaches
  9 goblins
  15 hobgoblins
  4 jackals (D:1)
  5 quokkas
  11 ball pythons
  3 bats
  3 frilled lizards
  13 kobolds
  3 rats
98 creatures vanquished.

Notes
Turn   | Place    | Note
-------+----------+-------------------------------------------
     0 | D:1      | Nietzsche the Hill Orc Fighter began the quest for the Orb.
     0 | D:1      | Reached XP level 1. HP: 19/19 MP: 1/1
   152 | D:1      | Reached XP level 2. HP: 25/27 MP: 2/2
   333 | D:1      | Reached XP level 3. HP: 32/34 MP: 3/3
  1023 | D:2      | Reached XP level 4. HP: 41/41 MP: 5/5
  1450 | D:2      | Found a runed translucent door.
  1451 | D:2      | Noticed Crazy Yiuf
  1461 | D:2      | Killed Crazy Yiuf
  1462 | D:2      | Reached skill level 1 in Spellcasting
  1731 | D:3      | Found Komohaa's Book Shoppe.
  1752 | D:3      | Reached XP level 5. HP: 36/47 MP: 6/6
  2100 | D:3      | Found a sacrificial altar of Ru.
  2719 | D:4      | Reached XP level 6. HP: 53/55 MP: 8/8
  2745 | D:4      | Noticed Midn8's ghost (amateur VSWn)
  2745 | D:4      | Noticed a water moccasin
  2761 | D:4      | Found a runed translucent gate.
  2761 | D:4      | Found a runed translucent gate.
  2762 | D:4      | Found a runed translucent gate.
  2939 | D:4      | Found Feacyn's Tiny Tomes.
  2947 | D:4      | Bought the Notes on Gloom for 56 gold pieces
  2947 | D:4      | Bought the Elucidation of the Zephyr for 140 gold pieces
  3665 | D:4      | Reached skill level 1 in Evocations
  3697 | D:4      | HP: 2/55 [frozen (9)]
  3698 | D:4      | Frozen to death by Midn8's ghost

Illustrated notes

Levels and vault maps discovered:
D:1:      ncdulo_lavacross, layout_loops_ring
D:2:      layout_basic, uniq_crazy_yiuf_cottage
D:3:      layout_rooms, mainiacjoe_overflow_paths, serial_shops, shop,
          serial_bayou_pond_e, grunt_decor_one_mirror, chequers_mini_garden,
          hangedman_glass_teeth, minmay_shallow_snake_nest
D:4:      layout_basic, gammafunk_ghost_split,
          nicolae_shop_i_like_small_books_too, amethyst_killhole,
          minmay_box_of_dots

Skill      XL: |  1  2  3  4  5  6 |
---------------+-------------------+-----
Fighting       | 4 |  4.9
Maces & Flails | 3 4 |  4.2
Armour         | 4 |  4.6
Spellcasting   | 1 |  1.9
Evocations     | 1 |  1.0
Dodging        | |  0.9
Stealth        | |  0.1
Shields        | |  3.2

Action                     |  1- 3 |  4- 6 || total
---------------------------+-------+-------++-------
  Melee: Flail             |   103 |   204 ||   307
         Punch             |     1 |     1 ||     2
    Use: Scroll            |       |     3 ||     3
 Armour: Scale mail        |    46 |   118 ||   164
  Dodge: Dodged            |    67 |   122 ||   189

Table legend: (Time is in decaauts)
 A = Elapsed time spent in this place.
 B = Non-inter-level travel time spent in this place.
 C = Inter-level travel time spent in this place.
 D = Time resting spent in this place.
 E = Time spent auto-exploring this place.
 F = Levels seen in this place.
 G = Mean time per level.
                   A        B        C        D        E       F      G
               +--------+--------+--------+--------+--------+-----+--------+
         Total |   3772 |   3512 |    260 |     40 |   2534 |   4 |  943.0 |
       Dungeon |   3772 |   3512 |    260 |     40 |   2534 |   4 |  943.0 |
               +--------+--------+--------+--------+--------+-----+--------+

Top non-repeatable levels by time:
     D:4: 1070 daAuts
     D:1: 989 daAuts
     D:3: 931 daAuts
     D:2: 781 daAuts
